 Dungeon Crawl Stone Soup version 0.29-a0-1018-g6b6670bd90 (webtiles) character file.

Game seed: 12430247423872670151

677 Solarlight the Fortune-Teller (level 7, 0/81 HPs)
             Began as a Demonspawn Fighter on Aug 10, 2022.
             Was a Believer of Nemelex Xobeh.
             Slain by a mummy (10 damage)
             ... in an ossuary.
             The game lasted 00:10:37 (4118 turns).

Solarlight the Fortune-Teller (Demonspawn Fighter)  Turns: 4118, Time: 00:10:38

Health: 0/81       AC: 27    Str: 16    XL:     7   Next: 33%
Magic:  11/11      EV:  2    Int: 11    God:    Nemelex Xobeh [**....]
Gold:   171        SH:  4    Dex: 13    Spells: 6/6 levels left

rFire   . . .      SeeInvis .   a - +0 long sword
rCold   . . .      Faith    .   c - +0 buckler
rNeg    . . .      Spirit   .   (body armour currently unavailable)
rPois   +          Reflect  .   (helmet unavailable)
rElec   .          Harm     .   (cloak currently unavailable)
rCorr   .          Rampage  .   (gloves currently unavailable)
Will    .....      NoTele   +   (boots currently unavailable)
Stlth   +.........              (no amulet)
HPRegen 0.23/turn               i - +4 ring of protection
MPRegen 0.12/turn               (no ring)

@: tree-form, invisible
A: stationary, stasis, torment immunity, boosted hp, (antennae 3), rugged brown
scales 2
a: Renounce Religion, Draw Escape, Draw Destruction, Draw Summoning


You were in an ossuary.
You worshipped Nemelex Xobeh.
Nemelex Xobeh was pleased with you.
You were a tree.
You visited 1 branch of the dungeon, and saw 5 of its levels.
You also visited: Ossuary.

You collected 171 gold pieces.

Inventory:

Hand Weapons
 a - a +0 long sword (weapon)
 o - a +0 sling
Missiles
 n - 43 stones (quivered)
Armour
 c - a +0 buckler (worn)
 m - a +0 pair of gloves (melded)
 q - the +2 ring mail of the Catfish (melded) {Str+8}
   (You found it on level 2 of the Dungeon)

   Str:       It affects your strength (+8).
Jewellery
 i - a +4 ring of protection (left branch)
Scrolls
 f - a scroll of teleportation
 g - a scroll of enchant weapon
 h - a scroll of brand weapon {unknown}
 k - a scroll of fear {unknown}
 l - a scroll of blinking {unknown}
 p - a scroll of immolation {unknown}
 s - a scroll of amnesia {unknown}
 x - a scroll of noise {unknown}
Potions
 d - a potion of might
 j - 2 potions of attraction
 v - a potion of magic {unknown}
 w - 2 potions of degeneration {unknown}


   Skills:
 - Level 3.3 Fighting
 + Level 4.4 Long Blades
 - Level 0.3 Ranged Weapons
 + Level 4.7 Armour
 - Level 3.2 Shields
 + Level 5.3 Invocations


You had 6 spell levels left.
You didn't know any spells.
Your spell library contained the following spells:

 Spells                   Type           Power      Damage    Failure   Level
 Summon Forest            Summ/Tloc      0%         N/A       100%        5
 Summon Mana Viper        Hex/Summ       0%         N/A       100%        5
 Summon Cactus Giant      Summ           0%         N/A       100%        6


Dungeon Overview and Level Annotations

Branches:
Dungeon (5/15)            Ossuary (1/1)
 Temple: D:4-7

Altars:
Ashenzari
Nemelex Xobeh

Shops:
D:1 *

Annotations:
Ossuary Menkaure


Innate Abilities, Weirdness & Mutations

You are a tree.
Your roots penetrate the ground, keeping you stationary.
You cannot be teleported.
You are immune to unholy pain and torment.
Your maximum health is greatly increased.
Your equipment is partially melded.
((You have a pair of large antennae on your head. (SInv)))
(You are mostly covered in rugged brown scales. (AC +2, +5% HP))


Message History

The +2 ring mail of the Catfish {Str+8} melds into your body.
Your roots penetrate the ground.
The rat skeleton bites you but does no damage.
Menkaure is lost in a daze.
The hobgoblin zombie is lost in a daze.
It was a potion of invisibility.
You fade into invisibility!
The sentinel's mark upon you fades away.
The rat skeleton bites you but does no damage.
It was a potion of curing.
You feel better.
You block the hobgoblin zombie's attack.
You catch the helpless hobgoblin zombie completely off-guard!
You slash the hobgoblin zombie!
The hobgoblin zombie is almost destroyed.
The hobgoblin zombie is no longer dazed.
The rat skeleton is no longer dazed.
Menkaure is no longer dazed.
The hobgoblin zombie hits you but does no damage.
You strike the helpless hobgoblin zombie from behind!
You hit the hobgoblin zombie.
You destroy the hobgoblin zombie!
An orc skeleton comes into view.
You hit the mummy.
The mummy is lightly damaged.
You hit the mummy but do no damage.
The mummy is lightly damaged.
Menkaure rustles drily.
You hit Menkaure but do no damage.
Menkaure grins.
Menkaure hits you but does no damage.
You hit Menkaure but do no damage. Menkaure hits you!
* * * LOW HITPOINT WARNING * * *
The mummy hits you but does no damage. The mummy hits you!
* * * LOW HITPOINT WARNING * * *
Unknown command.
You feel better.
Menkaure casts a spell.
Menkaure seems to speed up.
A goblin zombie comes into view.
The mummy hits you!
You die...
Your body disappears without a glow.

##..##..######..##..
##..##..##....##..##.
##..##..##..##..##..##
##..##..##..####..##..#
##..##..##..## ##..##..
##..##..##..## ##..##.
##..##..##..## ##..##
##..##..##M.## { ##..#
##..##..##M♣## ##..
##..##..##ZM## {{##.
##..##..##.Z# { ## ##..##..##..Z
{{ {{ { {{ {{{ #
##..##..########################
##..##...........................
#..##############################
.................................
#################################


You could see Menkaure (fast), 2 mummies, a goblin zombie (wandering, unable to
see you), a rat skeleton (unable to see you) and an orc skeleton (wandering,
unable to see you).

Vanquished Creatures
  A centaur (D:5)
  A scorpion (D:4)
  2 necrophages
  2 jellies (D:5)
  3 hounds
  2 iguanas (D:5)
  An orc wizard (D:3)
  A mummy (Ossuary)
  5 adders
  A shadow imp (D:5)
  4 orcs
  3 endoplasms
  A giant cockroach (D:3)
  3 gnoll zombies (Ossuary)
  2 hobgoblins (D:1)
  4 quokkas (D:1)
  2 ball pythons
  4 bats
  2 frilled lizards
  2 gnoll skeletons (Ossuary)
  2 goblin skeletons (Ossuary)
  3 goblin zombies (Ossuary)
  3 hobgoblin skeletons (Ossuary)
  5 hobgoblin zombies (Ossuary)
  4 kobolds
  4 kobold skeletons (Ossuary)
  4 kobold zombies (Ossuary)
  4 orc skeletons (Ossuary)
  6 orc zombies (Ossuary)
  3 rats
  4 rat skeletons (Ossuary)
  2 rat zombies (Ossuary)
90 creatures vanquished.

Vanquished Creatures (collateral kills)
  A jelly (D:5)
  A hound (D:5)
2 creatures vanquished.

Grand Total: 92 creatures vanquished

Notes
Turn   | Place    | Note
-------+----------+-------------------------------------------
     0 | D:1      | Solarlight the Demonspawn Fighter began the quest for the
                  | Orb.
     0 | D:1      | Reached XP level 1. HP: 18/18 MP: 1/1
   490 | D:1      | Gained mutation: You have a pair of small antennae on your
                  | head. [demonic ancestry]
   490 | D:1      | Reached XP level 2. HP: 24/24 MP: 2/2
   608 | D:1      | Found Deymunkocw's Assorted Antiques.
  1260 | D:2      | Gained mutation: You are partially covered in rugged brown
                  | scales. (AC +1, +3% HP) [demonic ancestry]
  1260 | D:2      | Reached XP level 3. HP: 24/29 MP: 3/3
  1319 | D:2      | Identified the +2 ring mail of the Catfish {Str+8}
  1624 | D:2      | Found a faded altar of an unknown god.
  1653 | D:2      | Prayed at the altar of an unknown god.
  1653 | D:2      | Became a worshipper of Nemelex Xobeh the Trickster
  1653 | D:2      | Reached * piety under Nemelex Xobeh
  1653 | D:2      | Received a gift from Nemelex Xobeh
  1977 | D:3      | Reached skill level 1 in Invocations
  2189 | D:3      | You fall into a shaft and drop 2 floors!
  2189 | D:5      | Entered Level 5 of the Dungeon
  2284 | D:5      | Gained mutation: You are mostly covered in rugged brown
                  | scales. (AC +2, +5% HP) [demonic ancestry]
  2284 | D:5      | Reached XP level 4. HP: 29/36 MP: 5/5
  2357 | D:5      | Reached skill level 2 in Invocations
  2575 | D:5      | Noticed a centaur
  2584 | D:5      | Killed a centaur
  2585 | D:5      | Gained mutation: You have a pair of antennae on your head.
                  | [demonic ancestry]
  2585 | D:5      | Reached XP level 5. HP: 28/43 MP: 5/7
  2749 | D:5      | Reached skill level 3 in Invocations
  2840 | D:5      | Reached XP level 6. HP: 24/49 MP: 8/8
  3044 | D:5      | Reached skill level 4 in Invocations
  3374 | D:4      | Noticed an ice beast
  3408 | D:4      | Found a broken altar of Ashenzari.
  3411 | D:4      | Reached ** piety under Nemelex Xobeh
  3433 | D:4      | Reached skill level 5 in Invocations
  3433 | D:4      | Gained mutation: You have a pair of large antennae on your
                  | head. (SInv) [demonic ancestry]
  3433 | D:4      | Reached XP level 7. HP: 26/54 MP: 10/10
  3450 | D:4      | Found a sand-covered staircase.
  3461 | Ossuary  | Entered an ossuary
  4101 | Ossuary  | Noticed Menkaure
  4117 | Ossuary  | HP: 3/81 [mummy (13)]
  4118 | Ossuary  | Slain by a mummy

Illustrated notes

Levels and vault maps discovered:
D:1:      dpeg_arrival_fog, layout_loops_cross, serial_shops, shop,
          nicolae_hexahallways, minivault_19
D:2:      layout_loops_cross, shapermc_ecumenical_altar_starsandcircs,
          minmay_tiny_reverse_x
D:3:      layout_loops_ring, nzn_hepliaklqana_mist_gate
D:4:      layout_cave_pools, mainiacjoe_overflow_catwalk,
          minmay_temple_entry_statues_fountains, enter_ossuary_1,
          chequers_serial_rivers_micro_e, feat_on_display
D:5:      minmay_recursive_quarters, layout_basic,
          mainiacjoe_overflow_cross_hatched, serial_shops, shop,
          cheibrodos_sewer_entry_drain, uniq_blork_the_orc
Ossuary:  ossuary_due_pyramid

Skill      XL: |  1  2  3  4  5  6 |
---------------+-------------------+-----
Long Blades    | 2 3 4 |  4.4
Armour         | 3 4 |  4.7
Shields        | 3 |  3.2
Invocations    | 1 2 3 5 |  5.3
Fighting       | |  3.3
Ranged Weapons | |  0.3

Action                   |  1- 3 |  4- 6 |  7- 9 || total
-------------------------+-------+-------+-------++-------
Melee: Long sword        |   118 |   108 |   122 ||   348
 Fire: Sling             |    18 |       |       ||    18
Throw: Stone             |     1 |       |       ||     1
Invok: Draw Destruction  |       |     3 |     2 ||     5
       Draw Escape       |       |     1 |       ||     1
       Draw Summoning    |       |     1 |       ||     1
  Use: Scroll            |     5 |     3 |       ||     8
       Potion            |       |     1 |     5 ||     6
 Stab: Invisible         |       |       |     2 ||     2
Armor: Scale mail        |    29 |       |       ||    29
       Ring mail         |    36 |   109 |    27 ||   172
       Skin              |       |       |     5 ||     5
Dodge: Dodged            |    66 |   115 |    41 ||   222
Block: Buckler           |    32 |    37 |    20 ||    89

Table legend: (Time is in decaauts)
 A = Elapsed time spent in this place.
 B = Non-inter-level travel time spent in this place.
 C = Inter-level travel time spent in this place.
 D = Time resting spent in this place.
 E = Time spent auto-exploring this place.
 F = Levels seen in this place.
 G = Mean time per level.
                   A        B        C        D        E       F      G
               +--------+--------+--------+--------+--------+-----+--------+
         Total |   4218 |   4092 |    126 |    178 |   3060 |   6 |  703.0 |
       Dungeon |   3535 |   3409 |    126 |      4 |   2816 |   5 |  707.0 |
       Ossuary |    683 |    683 |      0 |    174 |    244 |   1 |  683.0 |
               +--------+--------+--------+--------+--------+-----+--------+

Top non-repeatable levels by time:
     D:5: 1208 daAuts
     D:1: 1152 daAuts
     D:2: 780 daAuts
 Ossuary: 683 daAuts
     D:3: 299 daAuts
     D:4: 94 daAuts
